 Dungeon Crawl Stone Soup version 0.13-a0-2214-g11ebcbd (webtiles) character file.

137 Kae the Firebug (level 3, 0/19 HPs)
             Began as a Tengu Fire Elementalist on July 3, 2013.
             Slain by a worm (11 damage)
             ... on Level 3 of the Dungeon.
             The game lasted 00:02:20 (1254 turns).

Kae the Firebug (Tengu Fire Elementalist)           Turns: 1254, Time: 00:02:20

HP   0/19        AC  4     Str  8      XL: 3   Next: 20%
MP   0/6         EV 12     Int 16      God:
Gold 107         SH  0     Dex 14      Spells:  2 memorised,  1 level left

Res.Fire  : . . .   See Invis. : +   (no weapon)
Res.Cold  : . . .   Warding    : .   a - +0 robe
Life Prot.: . . .   Conserve   : .   (no shield)
Res.Poison: .       Res.Corr.  : .   (helmet restricted)
Res.Elec. : .       Clarity    : .   f - +0 cloak (curse)
Sust.Abil.: . .     Spirit.Shd : .   s - +0 pair of gloves
Res.Mut.  : .       Stasis     : .   (boots unavailable)
Res.Rott. : .       Flight     : .   (no amulet)
Saprovore : . . .                    (no ring)
                                     q - ring of see invisible

@: very slightly contaminated, not resistant to hostile enchantments, fairly
stealthy
A: beak, talons 3
a: no special abilities


You were on level 3 of the Dungeon.
You were near starving.

You visited 1 branch of the dungeon, and saw 3 of its levels.

You collected 87 gold pieces.

Inventory:

Armour
 a - a +0 robe (worn)
 f - a cursed +0 cloak (worn)
 s - a +0 pair of gloves (worn)
Magical devices
 u - a wand of frost (9) {unknown}
Comestibles
 c - a bread ration
 n - a meat ration
Scrolls
 h - 3 scrolls of remove curse
Jewellery
 q - a ring of see invisible (left hand)
 r - an uncursed ring of sustenance {unknown}
Potions
 e - 2 potions of might {unknown}
 g - a potion of slowing {unknown}
 i - 3 potions of curing {unknown}
 k - 3 potions of heal wounds {unknown}
 t - a potion of invisibility {unknown}
Books
 b - a book of Flames

   Spells                             Type                      Level
   *Flame Tongue                      Conjuration/Fire             1
   *Throw Flame                       Conjuration/Fire             2
   Conjure Flame                      Conjuration/Fire             3
   Inner Flame                        Hexes/Fire                   3
   Sticky Flame                       Conjuration/Fire             4
   Fireball                           Conjuration/Fire             5


   Skills:
 - Level 2.1 Dodging
 - Level 2.0 Stealth
 + Level 1.1 Spellcasting
 * Level 2.8 Conjurations
 * Level 4.0 Fire Magic


You had one spell level left.
You knew the following spells:

 Your Spells              Type           Power        Failure   Level  Hunger
a - Flame Tongue          Conj/Fire      ##...        8%          1    ##.....
b - Throw Flame           Conj/Fire      ##....       10%         2    ###....


Dungeon Overview and Level Annotations

Branches:
Dungeon (3/27)

Altars:


Innate Abilities, Weirdness & Mutations

You have a beak for a mouth.
You have claws for feet.


Message History

You hit the worm but do no damage.
The worm is severely wounded.
The worm bites you.
You hit the worm. Your kick misses the worm. You peck the worm.
The worm is severely wounded.
You hit the worm.
The worm is severely wounded.
The worm bites you!
Casting: Flame Tongue
Confirm with . or Enter, or press ? or * to list all spells.
Aiming: Flame Tongue
Press: ? - help, Shift-Dir - straight line, f/p - worm
Aim: a worm (severely wounded)
The flame hits the worm.
The worm is almost dead.
You hit the worm. You claw the worm.
The worm is almost dead.
The worm bites you!
Ouch! That really hurt!
You die...

#...# #...#. #....
..# #...##### #.#
#.......# #.#
#...#.#.#### #.#
#..........# #.#
#.....#.##.# #.# #
#@#...#..#.# #.# #
#w#<#....#.# #.# #
#.#.######.###.# #
#.#.)..........###
#.########........
#.#....^..........
#.#.#.(.......#.##
#.#.#########.#...
#.#.........#.#.##


You could see a worm.

Vanquished Creatures
  A giant gecko (D:2)
  2 oozes
  A bat (D:1)
  6 goblins
  3 hobgoblins (D:1)
  A ball python (D:1)
  A giant cockroach (D:2)
  3 giant newts
  3 kobolds
  9 rats
30 creatures vanquished.

Notes
Turn   | Place    | Note
--------------------------------------------------------------
     0 | D:1      | Kae, the Tengu Fire Elementalist, began the quest for the Orb.
     0 | D:1      | Reached XP level 1. HP: 10/10 MP: 3/3
   167 | D:1      | Reached XP level 2. HP: 12/15 MP: 1/5
   219 | D:1      | Learned a level 2 spell: Throw Flame
   612 | D:2      | Reached skill level 4 in Fire Magic
   612 | D:2      | Reached XP level 3. HP: 7/19 MP: 1/6
  1254 | D:3      | Slain by a worm

Action                   || total
-------------------------++-------
Melee: Unarmed           ||    32
 Cast: Flame Tongue      ||    48
  Use: Scroll            ||     8
